 Dungeon Crawl Stone Soup version 0.31.0-1-g2c135a008e (webtiles) character file.

Game seed: 2783193392645914985

67 qw the Shooter (level 4, -2/35 HPs)
             Began as a Djinni Hunter on Jan 24, 2024.
             Slain by an orc
             ... wielding a +0 mace
              (3 damage)
             ... on level 2 of the Dungeon.
             The game lasted 00:00:03 (1198 turns).

qw the Shooter (Djinni Hunter)                      Turns: 1198, Time: 00:00:03

Health: -2/35      AC:  5    Str: 10    XL:     4   Next: 40%
Gold:   23         EV: 11    Int: 10    God:
                   SH:  0    Dex: 19

rFire   + + .        a - +0 shortbow
rCold   x . .        (shield currently unavailable)
rNeg    . . .        e - +0 ring mail
rPois   inf          (no helmet)
rElec   .            (no cloak)
rCorr   .            (no gloves)
SInv    .            (boots unavailable)
Will    .....        (no amulet)
Stlth   +            (no ring)
HPRegen 0.25/turn    (no ring)
MPRegen 0.00/turn

%: infuse magic (-3 HP)
@: flying
A: sickness immunity, fire resistance 2, cold vulnerability 1, float, innate
caster, HP casting, extra vitality 1
a: no special abilities


You were on level 2 of the Dungeon.
You visited 1 branch of the dungeon, and saw 2 of its levels.

You collected 23 gold pieces.


Innate Abilities, Weirdness & Mutations

You are immune to sickness and miasma.
You are immune to poison.
Your flesh is very heat resistant. (rF++)
You are vulnerable to cold. (rC-)
You float through the air rather than walking.
You learn spells naturally, not from books.
Your magical power is your life essence.
You have superior vitality. (+4 MHP)


   Skills:
 - Level 3.0 Fighting
 + Level 4.0 Ranged Weapons
 - Level 1.0 Armour
 - Level 2.1 Dodging
 - Level 0.7 Stealth


You knew the following spells:

 Your Spells              Type           Power      Damage    Failure   Level
a - Foxfire               Conj/Fire      0%         2x1d4     67%         1
Your spell library was empty.

Inventory:

Hand Weapons
 a - a +0 shortbow (weapon)
Armour
 e - a +0 ring mail (worn)
Jewellery
 h - a ring of willpower
Scrolls
 b - 2 scrolls of identify
 c - a scroll of fear {unknown}
Potions
 g - a potion of berserk rage {unknown}

Dungeon Overview and Level Annotations

Branches:
Dungeon (2/15)

Altars:

Shops:
D:1 !


Message History

Something hits you but does no damage. The orc closely misses you.
The orc barely misses you.
You hear some strange, mumbled words.
A magic dart appears from out of thin air!
The magic dart hits you. The orc barely misses you. The orc closely misses you.
You shoot an arrow. The arrow barely misses the orc.
Something hits you. The orc hits you with a +0 club.
The orc hits you but does no damage.
You shoot an arrow. The arrow hits the orc.
The orc is lightly wounded.
Something hits you. The orc closely misses you. The orc barely misses you.
The orc hits you with a +0 mace.
You shoot an arrow. The arrow hits the orc.
You kill the orc!
You hear some strange, mumbled words.
A puff of flame appears from out of thin air!
The puff of flame hits you. You resist. The orc completely misses you.
The orc hits you but does no damage. x2; The orc hits you with a +0 dagger.
Something hits you but does no damage.
You shoot an arrow. The arrow closely misses the orc.
The orc closely misses you. Something hits you but does no damage.
The orc hits you with a +0 mace.
You shoot an arrow. The arrow hits the orc.
The orc is lightly wounded.
Something hits you. The orc hits you but does no damage.
The orc hits you with a +0 mace.
You shoot an arrow.
The arrow hits the orc but does no damage.
The orc is lightly wounded.
Something hits you. The orc hits you but does no damage.
The orc hits you with a +0 dagger. The orc misses you.
The orc closely misses you.
You hear some strange, mumbled words.
Something tries to affect you, but you resist.
You shoot an arrow. The arrow closely misses the orc.
You hear some strange, mumbled words.
A magic dart appears from out of thin air!
The magic dart hits you! The orc hits you with a +0 dagger.
The orc hits you with a +0 mace.
You die...

##### #####
#...# ##..)##
#...# ##.###.##
####...######.##
##..
#.........##.##
##.
#..)....<....#
#.
#....^....##.#
#.
####o..######.#
.# #@).# #.# #
#{o.# #..
##....# #.#
#.....# .#
#.....# #
#.....# #...##
..##


You could see 2 orcs.

Vanquished Creatures
  Terence (D:2)
  An adder (D:2)
  A dart slug (D:1)
  2 orcs (D:2)
  4 ball pythons (D:1)
  3 endoplasms
  4 hobgoblins (D:1)
  2 jackals (D:1)
  2 quokkas (D:1)
  A bat (D:2)
  4 goblins
  3 rats (D:1)
28 creatures vanquished.

Notes
Turn   | Place    | Note
-------+----------+-------------------------------------------
     0 | D:1      | qw the Djinni Hunter began the quest for the Orb.
     0 | D:1      | Reached XP level 1. HP: 18/18 MP: 0/0
     0 | D:1      | 0 ||| qw: Version: 0.3-a-136-gdd3b4e8
     0 | D:1      | 0 ||| qw: Game counter: 1363
     0 | D:1      | 0 ||| qw: Melee chars always use a shield: true
     0 | D:1      | 0 ||| qw: God list: Okawaru
     0 | D:1      | 0 ||| qw: Allow faded altars: false
     0 | D:1      | 0 ||| qw: Do Orc after clearing Dungeon:15 true
     0 | D:1      | 0 ||| qw: Do second Lair branch before Depths: true
     0 | D:1      | 0 ||| qw: Lair rune preference: random
     0 | D:1      | 0 ||| qw: Goals: Normal
     0 | D:1      | 0 ||| PLANNING D:1-11
    80 | D:1      | Reached XP level 2. HP: 9/23 MP: 0/0
   138 | D:1      | Found Yrghush's Distillery.
   484 | D:1      | Reached XP level 3. HP: 28/28 MP: 0/0
   484 | D:1      | Learned a level 1 spell: Foxfire
   505 | D:1      | Reached skill level 4 in Ranged Weapons
   733 | D:1      | 733 ||| UPGRADING to +0 ring mail.
   743 | D:1      | 743 ||| DROPPING +0 leather armour.
   744 | D:1      | 744 ||| READING 2 scrolls labelled VEEZYNILLO.
   744 | D:1      | 744 ||| IDENTIFYING silvery potion
   745 | D:1      | 745 ||| READING scroll of identify.
   745 | D:1      | 745 ||| IDENTIFYING red potion
   746 | D:1      | 746 ||| DROPPING scroll of butterflies.
   867 | D:2      | Reached skill level 1 in Armour
  1078 | D:2      | Noticed Terence
  1087 | D:2      | HP: 6/28 [Terence/+2 mace of holy wrath (7)]
  1088 | D:2      | 1088 ||| DRINKING potion of heal wounds.
  1089 | D:2      | Killed Terence
  1090 | D:2      | Reached skill level 3 in Fighting
  1090 | D:2      | Reached XP level 4. HP: 31/35 MP: 0/0
  1189 | D:2      | 1189 ||| DRINKING potion of curing.
  1189 | D:2      | 1189 ||| (to cure confusion)
  1198 | D:2      | HP: 2/35 [something/magic dart (7)]
  1198 | D:2      | Slain by an orc

Levels and vault maps discovered:
D:1:      dpeg_arrival_rooms_c, layout_loops_cross, serial_shops,
          nicolae_shop_statue_plus
D:2:      layout_loops_ring, nicolae_nh_oracle_at_delphi, uniq_terence

Skill      XL: |  1  2  3 |
---------------+----------+-----
Ranged Weapons | 4 |  4.0
Armour         | 1 |  1.0
Fighting       | 3 |  3.0
Dodging        | |  2.1
Stealth        | |  0.7

Action                     |  1- 3 |  4- 6 || total
---------------------------+-------+-------++-------
   Fire: Shortbow          |    87 |    25 ||   112
    Use: Scroll            |     2 |       ||     2
         Potion            |     1 |     1 ||     2
 Armour: Leather armour    |    21 |       ||    21
         Ring mail         |    14 |    31 ||    45
  Dodge: Dodged            |    32 |    16 ||    48

Table legend:
 A = Non-vault XP
 B = Vault XP
 C = Vault XP percentage of total XP
 D = Non-vault monster count
 E = Vault monster count
 F = Vault count percentage of total count
                 A         B        C        D         E       F
            +---------+---------+-------+---------+---------+-------
      Total |      61 |      36 |  37.1 |      27 |       1 |   3.6
            +---------+---------+-------+---------+---------+-------
        D:1 |      35 |       0 |   0.0 |      20 |       0 |   0.0
        D:2 |      26 |      36 |  58.1 |       7 |       1 |  12.5
            +---------+---------+-------+---------+---------+-------
